 Dungeon Crawl Stone Soup version 0.28-a0-1286-g6bde065e89 (webtiles) character file.

Game seed: 11143761427035612290

4733 tilp the Basher (level 10, 0/78 HPs)
             Began as a Black Draconian Cinder Acolyte on Dec 26, 2021.
             Was a High Priest of Ignis.
             Slain by an orc warrior (6 damage)
             ... on level 9 of the Dungeon.
             The game lasted 00:17:26 (12284 turns).

tilp the Basher (Black Draconian Cinder Acolyte)   Turns: 12284, Time: 00:17:26

Health: 0/78       AC: 12    Str: 19    XL:     10   Next: 22%
Magic:  14/14      EV: 11    Int: 25    God:    Ignis [*****.]
Gold:   104        SH:  4    Dex:  6    Spells: 7/15 levels left

rFire   + . .      SeeInvis .   a - +6 flail "Worm's Wrath" {freeze, Str+2}
rCold   . . .      Faith    .   j - +0 buckler
rNeg    . . .      Spirit   .   (armour unavailable)
rPois   .          Reflect  .   (helmet restricted)
rElec   +          Harm     .   l - +2 cloak
rCorr   .          Rampage  .   (no gloves)
Will    +....                   g - +1 pair of boots
Stlth   +.........              (no amulet)
HPRegen 0.23/turn               d - ring of willpower
MPRegen 0.14/turn               r - +6 ring of intelligence

@: slowed, very slow
A: breathe lightning, AC +7, unfitting armour, electricity resistance,
cold-blooded
a: Breathe Lightning, Renounce Religion, Fiery Armour, Foxfire Swarm, Rising
Flame


You were on level 9 of the Dungeon.
You worshipped Ignis.
Ignis was extremely pleased with you.
You visited 1 branch of the dungeon, and saw 9 of its levels.
You also visited: Ossuary.

You collected 574 gold pieces.
You spent 470 gold pieces at shops.

Inventory:

Hand Weapons
 a - the +6 flail "Worm's Wrath" (weapon) {freeze, Str+2}
   (You bought it in a shop on level 7 of the Dungeon)

   It freezes those it strikes, dealing additional cold damage.
   It can also slow down cold-blooded creatures.
   Str:       It affects your strength (+2).
 b - a +0 mace of flaming
 C - the +5 hunting sling of Pain and Death {venom, Int+2 Dex+4}
   (You found it on level 5 of the Dungeon)

   Any ammunition fired from it poisons the flesh of those it strikes.
   Int:       It affects your intelligence (+2).
   Dex:       It affects your dexterity (+4).
 K - a +0 morningstar
Missiles
 o - 49 poisoned darts
 p - 6 boomerangs (quivered)
 y - 2 atropa-tipped darts
 J - a curare-tipped dart
Armour
 g - a +1 pair of boots (worn)
 j - a +0 buckler (worn)
 l - a +2 cloak (worn)
Magical Staves
 m - a staff of cold
 B - a staff of poison
 G - a staff of fire
 Q - a staff of air
Jewellery
 d - a ring of willpower (left hand)
 f - a ring of protection from fire
 n - a ring of protection from fire
 r - a +6 ring of intelligence (right hand)
 z - a +6 ring of strength
Wands
 h - a wand of flame (21)
 i - a wand of polymorph (13)
Scrolls
 c - 3 scrolls of magic mapping
 k - 5 scrolls of amnesia
 q - 3 scrolls of silence
 x - 2 scrolls of teleportation
 D - 4 scrolls of fog
 H - a scroll of enchant weapon
 M - 3 scrolls of identify
 O - a scroll of holy word {unknown}
Potions
 e - a potion of haste
 s - a potion of heal wounds
 t - a potion of cancellation
 u - 2 potions of flight
 w - 4 potions of attraction
 A - a potion of curing
 E - a potion of ambrosia
 F - 2 potions of brilliance
 I - 2 potions of mutation
 N - a potion of resistance {unknown}
 P - a potion of magic


   Skills:
 - Level 4.0 Fighting
 + Level 12.1 Maces & Flails
 - Level 2.0 Dodging
 - Level 2.0 Stealth
 - Level 4.0 Shields
 - Level 3.0 Spellcasting
 - Level 6.0 Fire Magic
 - Level 4.0 Evocations


You had 7 spell levels left.
You knew the following spells:

 Your Spells              Type           Power      Damage    Failure   Level
a - Scorch                Fire           66%        2d8       1%          2
b - Flame Wave            Conj/Fire      18%        2d5       28%         4
c - Searing Ray           Conj           6%         2d4       16%         2

Your spell library contained the following spells:

 Spells                   Type           Power      Damage    Failure   Level
 Animate Skeleton         Necr           6%         N/A       10%         1
 Magic Dart               Conj           12%        1d3       10%         1
 Pain                     Necr           12%        1d4       10%         1
 Ensorcelled Hibernation  Hex/Ice        6%         N/A       16%         2
 Portal Projectile        Hex/Tloc       6%         N/A       30%         3
 Tukima's Dance           Hex            3%         N/A       30%         3
 Vampiric Draining        Necr           3%         2d6       30%         3
 Fulminant Prism          Conj/Hex       1%         3d6       69%         4
 Blade Hands              Tmut           1%         N/A       95%         5
 Excruciating Wounds      Necr           1%         N/A       95%         5
 Summon Cactus Giant      Summ           1%         N/A       100%        6
 Enfeeble                 Hex            1%         N/A       100%        7


Dungeon Overview and Level Annotations

Branches:
Dungeon (9/15)             Temple (0/1) D:5         Ossuary (visited)
   Lair: D:8-11         Orc: D:9-12

Altars:
Sif Muna

Shops:
D:3 [   D:4 (   D:7 (   D:8 *

Annotations:
D:9 exclusion: gnoll, Maurice


Innate Abilities, Weirdness & Mutations

You can breathe wild blasts of lightning.
Your glossy black scales are hard. (AC +7)
You cannot fit into any form of body armour.
You are resistant to electric shocks. (rElec)
You are cold-blooded and may be slowed by cold attacks.


Message History

You thump the howler monkey! You freeze the howler monkey.
You kill the howler monkey!
The howler monkey hits you but does no damage.
You closely miss the howler monkey.
You tail-slap the howler monkey, but do no damage.
The howler monkey hits you.
You sock the howler monkey! You freeze the howler monkey.
The howler monkey is heavily wounded.
The howler monkey hoots and howls with incredible vigour!
You hear a shout! x2
You sock the howler monkey! You freeze the howler monkey.
You kill the howler monkey!
A gnoll sergeant comes into view. It is wielding a +0 spear.
You sock the acid dragon! You freeze the acid dragon.
You tail-slap the acid dragon, but do no damage.
The acid dragon is moderately wounded.
The acid dragon misses you.
The acid dragon claws you but does no damage.
A gnoll comes into view. It is wielding a +0 spear.
You closely miss the acid dragon.
The acid dragon is moderately wounded.
The acid dragon bites you! The acid dragon closely misses you.
You hit the acid dragon. You freeze the acid dragon.
The acid dragon is heavily wounded.
A centaur zombie comes into view.
You completely miss the acid dragon.
The acid dragon is heavily wounded.
The acid dragon bites you!
The acid dragon claws you but does no damage.
The orc warrior hits you from afar with a +2 glaive of freezing!
* * * LOW HITPOINT WARNING * * *
The orc warrior freezes you.
* * * LOW HITPOINT WARNING * * *
You hit the acid dragon. You freeze the acid dragon.
The acid dragon is severely wounded.
The acid dragon barely misses you. You block the acid dragon's attack.
The orc warrior hits you from afar with a +2 glaive of freezing!
* * * LOW HITPOINT WARNING * * *
You feel yourself slow down. The orc warrior freezes you.
You die...

.###.....))...##........
..............##........
#####.........##........
..##...........#........
........................
....
....#....)..............
.....
...##...................
......
....#.......(........Z..
..o...
....##.####.....@..gg...
#...D. ...###..#
##...##D###... #....
..####.####....#


oo# ####.... ..#.#..# #....## .... ..#..... .......# #....##...... ........
.##....###.............###....... ..##.....##...........##..##.....
.####.#.......................... ......#.........)................ You could
see an orc warrior, an acid dragon, a gnoll sergeant, a gnoll, an orc and a
centaur zombie.

Vanquished Creatures
  A hornet (D:9)
  Grum (D:8)
  A vampire (D:9)
  A steam dragon (D:8)
  A water moccasin (D:8)
  2 orc warriors
  A black bear (D:7)
  3 necrophages
  3 wolves (D:8)
  The ghost of t4s4d4r the Conjurer, an amateur DgWn (D:4)
  An ogre (D:6)
  An elf zombie (Ossuary)
  2 phantoms
  2 kobold brigands (D:8)
  4 bullfrogs
  A gnoll sergeant (D:6)
  2 water moccasin zombies (D:5)
  3 scorpions
  4 howler monkeys
  6 wights (D:7)
  5 killer bees (D:7)
  2 bullfrog zombies
  A hound (D:4)
  7 centaur zombies
  2 orc priests
  A jelly (D:7)
  2 bullfrog skeletons
  A gnoll shaman (D:7)
  4 iguanas
  Jessica (D:3)
  6 orc wizards
  2 mummies (Ossuary)
  A howler monkey zombie (D:4)
  9 gnolls
  A howler monkey skeleton (D:6)
  7 adders
  A shadow imp (D:5)
  A white imp (D:8)
  An ufetubus (D:4)
  An adder zombie (Ossuary)
  2 adder skeletons (D:4)
  3 dart slugs
  34 orcs
  11 ball pythons
  7 endoplasms
  4 giant cockroaches
  7 goblins
  5 hobgoblins
  7 jackals
  10 kobolds
  A quokka (D:4)
  5 bats
  4 frilled lizards
  A goblin zombie (Ossuary)
  11 hobgoblin zombies (Ossuary)
  A jackal zombie (D:4)
  12 kobold zombies (Ossuary)
  7 orc zombies (Ossuary)
  4 rats
233 creatures vanquished.

Notes
Turn   | Place    | Note
-------+----------+-------------------------------------------
     0 | D:1      | tilp the Draconian Cinder Acolyte began the quest for the
                  | Orb.
     0 | D:1      | Reached XP level 1. HP: 19/19 MP: 2/2
   405 | D:1      | Reached XP level 2. HP: 21/26 MP: 3/3
   409 | D:1      | Learned a level 2 spell: Scorch
   902 | D:2      | Reached skill level 4 in Maces & Flails
   924 | D:2      | Reached skill level 1 in Shields
   950 | D:2      | Reached XP level 3. HP: 31/31 MP: 4/4
  1672 | D:3      | Reached XP level 4. HP: 35/38 MP: 0/5
  1879 | D:3      | Found Duonacex's Armour Shop.
  2532 | D:3      | Noticed Jessica
  2536 | D:3      | Killed Jessica
  2537 | D:3      | Reached XP level 5. HP: 45/45 MP: 1/6
  2589 | D:3      | Found a shimmering blue altar of Sif Muna.
  2781 | D:4      | Found Tayzur Binip's Antique Weapon Shoppe.
  2900 | D:4      | HP: 2/45 [something/puff of flame (4)]
  2929 | D:4      | Found a runed translucent door.
  2940 | D:4      | Noticed a necrophage
  2949 | D:4      | Killed a necrophage
  2950 | D:4      | Reached skill level 5 in Maces & Flails
  2950 | D:4      | Reached XP level 6. HP: 39/51 MP: 0/7
  2990 | D:4      | Found a sand-covered staircase.
  3056 | Ossuary  | Entered an ossuary
  3288 | Ossuary  | Reached skill level 6 in Maces & Flails
  3604 | Ossuary  | Reached skill level 1 in Dodging
  3604 | Ossuary  | Reached skill level 1 in Stealth
  3618 | Ossuary  | Your scales start taking on a glossy black colour.
  3618 | Ossuary  | Reached XP level 7. HP: 52/58 MP: 8/8
  3618 | Ossuary  | Gained mutation: You are resistant to electric shocks.
                  | (rElec) [Black Draconian growth]
  3908 | D:4      | Noticed t4s4d4r's ghost (amateur DgWn)
  4351 | D:4      | Reached skill level 1 in Evocations
  5247 | D:4      | Killed t4s4d4r's ghost
  5334 | D:5      | Entered Level 5 of the Dungeon
  5510 | D:5      | Reached XP level 8. HP: 47/66 MP: 1/11
  5668 | D:5      | Learned a level 4 spell: Flame Wave
  5727 | D:5      | Reached skill level 5 in Fire Magic
  5849 | D:5      | Found a staircase to the Ecumenical Temple.
  6038 | D:5      | Identified the +2 rapier of Dissolution {freeze, rF- Int+5
                  | Dex+3}
  6156 | D:5      | Identified the +5 hunting sling of Pain and Death {venom,
                  | Int+2 Dex+4}
  6961 | D:6      | Reached skill level 7 in Maces & Flails
  7715 | D:6      | Reached XP level 9. HP: 37/71 MP: 6/13
  8267 | D:7      | Reached skill level 8 in Maces & Flails
  8895 | D:7      | Reached skill level 9 in Maces & Flails
  9339 | D:7      | Found Zasmesk's Antique Weapon Emporium.
  9348 | D:7      | Bought a dazzling flail for 170 gold pieces
  9348 | D:7      | Identified the +6 flail "Worm's Wrath" {freeze, Str+2} (You
                  | bought it in a shop on level 7 of the Dungeon)
  9532 | D:7      | Reached skill level 10 in Maces & Flails
 10140 | D:8      | Found Eliczoig's Demolitions Depot.
 10437 | D:8      | Reached skill level 11 in Maces & Flails
 10767 | D:8      | Noticed Grum
 10784 | D:8      | Killed Grum
 10785 | D:8      | Reached XP level 10. HP: 30/78 MP: 14/14
 11172 | D:8      | Bought a book of Conjurations for 300 gold pieces
 11178 | D:8      | Learned a level 2 spell: Searing Ray
 11734 | D:9      | Noticed Maurice
 12175 | D:9      | Reached skill level 12 in Maces & Flails
 12284 | D:9      | Slain by an orc warrior

Illustrated notes

Levels and vault maps discovered:
D:1:      ncdulo_halloftheorcs, layout_rooms
D:2:      wander_river, layout_loops_ring
D:3:      layout_loops_ring, tgw_sif, serial_shops, nicolae_shop_statue_plus
D:4:      minmay_thinvault, layout_layer_cave, serial_shops, shop_fountains,
          enter_ossuary_3, ebering_ghost_reflecting_pool,
          minmay_misc_feat_enclosed
D:5:      layout_loops_cross, minmay_temple_entry_enclosed_plants,
          chequers_avenue, minivault_1, grunt_ministairs_4
D:6:      layout_layer_cave, hangedman_decor_opposing
D:7:      layout_cave_pools, serial_shops, nicolae_lakefront_shop,
          minmay_quadrilaterals
D:8:      layout_rooms, grunt_decor_junction, nicolae_blasting_shop, uniq_grum
D:9:      layout_cave_pools, nrook_loot_triangle, uniq_maurice

Skill      XL: |  1  2  3  4  5  6  7  8  9 10 |
---------------+-------------------------------+-----
Maces & Flails | 4 5 6 7 11 12 | 12.1
Shields        | 1 2 4 |  4.0
Dodging        | 1 2 |  2.0
Stealth        | 1 2 |  2.0
Fighting       | 4 |  4.0
Evocations     | 2 4 |  4.0
Fire Magic     | 4 6 |  6.0
Spellcasting   | 2 3 |  3.0

Action                   |  1- 3 |  4- 6 |  7- 9 | 10-12 || total
-------------------------+-------+-------+-------+-------++-------
Melee: Mace              |    49 |   186 |    51 |       ||   286
       Tailslap          |     2 |    23 |    24 |     5 ||    54
       Flail             |       |    61 |   348 |    80 ||   489
Throw: Dart              |       |       |     1 |       ||     1
 Cast: Scorch            |    16 |    23 |    82 |     1 ||   122
Evoke: Wand              |       |     3 |       |     1 ||     4
  Use: Scroll            |     6 |     3 |    13 |     1 ||    23
       Potion            |       |     6 |     4 |       ||    10
 Stab: Sleeping          |       |       |     1 |       ||     1
Armor: Skin              |    26 |   140 |   179 |    24 ||   369
Dodge: Dodged            |    39 |   174 |   232 |    39 ||   484
Block: Buckler           |       |       |    77 |    18 ||    95

Table legend: (Time is in decaauts)
 A = Elapsed time spent in this place.
 B = Non-inter-level travel time spent in this place.
 C = Inter-level travel time spent in this place.
 D = Time resting spent in this place.
 E = Time spent auto-exploring this place.
 F = Levels seen in this place.
 G = Mean time per level.
                   A        B        C        D        E       F      G
               +--------+--------+--------+--------+--------+-----+--------+
         Total |  12369 |  12065 |    304 |   1902 |   8060 |  10 | 1236.9 |
       Dungeon |  11607 |  11303 |    304 |   1620 |   7890 |   9 | 1289.7 |
       Ossuary |    761 |    761 |      0 |    282 |    170 |   1 |  761.0 |
               +--------+--------+--------+--------+--------+-----+--------+

Top non-repeatable levels by time:
     D:4: 1844 daAuts
     D:7: 1790 daAuts
     D:5: 1647 daAuts
     D:8: 1599 daAuts
     D:6: 1287 daAuts
     D:3: 1059 daAuts
     D:2: 875 daAuts
     D:1: 867 daAuts
 Ossuary: 761 daAuts
     D:9: 636 daAuts
